 Dungeon Crawl Stone Soup version 0.25.1-2-g60ff931df9 (webtiles) character file.

Game seed: 12267633299361817686

820 pokeman the Thaumaturge (level 7, 0/38 HPs)
             Began as a Deep Elf Wizard on Nov 19, 2020.
             Was an Initiate of Vehumet.
             Slain by a bullfrog (3 damage)
             ... on level 6 of the Dungeon.
             The game lasted 00:13:08 (7005 turns).

pokeman the Thaumaturge (Deep Elf Wizard)           Turns: 7005, Time: 00:13:09

Health: 0/38       AC:  5    Str:  4    XL:     7   Next: 63%
Magic:  9/21       EV: 12    Int: 31    God:    Vehumet [......]
Gold:   441        SH:  5    Dex: 13    Spells: 12/23 levels left

rFire    . . .     SeeInvis .   s - +2 whip (drain)
rCold    . . .     Gourm    .   (no shield)
rNeg     . . .     Faith    .   l - +0 leather armour
rPois    .         Spirit   .   b - +0 hat
rElec    .         Reflect  +   k - +0 cloak
rCorr    .         Harm     .   (no gloves)
MR       .....                  x - +0 pair of boots
Stlth    ++........             o - amulet of reflection
HPRegen  0.12/turn              H - +6 ring of intelligence
MPRegen  0.17/turn              (no ring)

@: no status effects
A: no striking features
a: Renounce Religion


You were on level 6 of the Dungeon.
You worshipped Vehumet.
Vehumet was noncommittal.
You were not hungry.

You visited 2 branches of the dungeon, and saw 7 of its levels.
You also visited: Sewer.

You collected 441 gold pieces.

Inventory:

Hand Weapons
 s - a +2 whip of draining (weapon)
 y - a +0 shortbow
Missiles
 e - 41 bolts
 z - 34 arrows
Armour
 b - a +0 hat (worn)
 k - a +0 cloak (worn)
 l - a +0 leather armour (worn)
 x - a +0 pair of boots (worn)
 C - a +0 kite shield
Jewellery
 o - an amulet of reflection (around neck)
 t - an uncursed amulet of faith
 w - an uncursed ring of ice
 H - a +6 ring of intelligence (left hand)
 I - an uncursed amulet of the acrobat {unknown}
Wands
 r - a wand of iceblast (9)
Scrolls
 c - 3 scrolls of fog {unknown}
 g - 4 scrolls of remove curse {unknown}
 i - a scroll of random uselessness {unknown}
 m - a scroll of immolation {unknown}
 q - 3 scrolls of identify {unknown}
 u - a scroll of blinking {unknown}
 B - 3 scrolls of magic mapping {unknown}
 D - a scroll of amnesia {unknown}
Potions
 a - 2 potions of magic {unknown}
 f - a potion of berserk rage {unknown}
 h - 4 potions of curing {unknown}
 j - 3 potions of might {unknown}
 n - a potion of resistance {unknown}
 p - a potion of flight {unknown}
 v - 2 potions of invisibility {unknown}
 A - a potion of lignification {unknown}
 E - 2 potions of brilliance {unknown}
 F - 3 potions of degeneration {unknown}
 J - a potion of cancellation {unknown}
 K - a potion of heal wounds {unknown}
Comestibles
 d - 9 rations
 G - a chunk of flesh


   Skills:
 - Level 1.0 Fighting
 - Level 1.0 Armour
 - Level 3.0 Dodging
 - Level 4.1 Stealth
 + Level 0.9 Shields
 * Level 8.5 Spellcasting
 + Level 4.1 Conjurations
 - Level 1.1 Summonings
 - Level 1.1 Translocations
 + Level 2.7 Fire Magic
 - Level 1.0 Air Magic
 - Level 1.0 Poison Magic
 - Level 1.0 Evocations


You had 12 spell levels left.
You knew the following spells:

 Your Spells              Type           Power        Failure   Level  Hunger
a - Magic Dart            Conj           ####         1%          1    None
b - Mephitic Cloud        Conj/Pois/Air  ####....     9%          3    None
c - Call Imp              Summ           ###.....     6%          2    None
d - Blink                 Tloc           N/A          6%          2    None
e - Conjure Flame         Conj/Fire      ####....     4%          3    None

Your spell library contained the following spells:

 Spells                   Type           Power        Failure   Level  Hunger
 Slow                     Hex            ##......     10%         2    None


Dungeon Overview and Level Annotations

Branches:
Dungeon (6/15)             Temple (1/1) D:4           Sewer (visited)

Altars:
Ashenzari
Cheibriados
Dithmenos
Hepliaklqana
Kikubaaqudgha
Okawaru
Ru
Uskayaw
Vehumet
Wu Jian
Yredelemnul
The Shining One


Message History

The centaur chortles and stares into space.
Casting: Magic Dart (safe; 1% risk of failure)
Confirm with . or Enter, or press ? or * to list all spells.
Aiming: Magic Dart (safe; 1% risk of failure)
Press: ? - help, Shift-Dir - straight line, f/p - centaur
Aim: a centaur, wielding a +0 shortbow and quivering 21 arrows (severely wounded, confused)
The magic dart hits the centaur.
The centaur is almost dead.
You hit the centaur.
The centaur is almost dead.
The centaur unwields a +0 shortbow.
The centaur barely misses you.
You barely miss the centaur.
The centaur is almost dead.
The bullfrog hits you!
* * * LOW HITPOINT WARNING * * *
The centaur laughs crazily.
The centaur hits you.
* * * LOW HITPOINT WARNING * * *
The bullfrog hits you.
You die...

# ### #.. .$# .# .
.... #.##..#.
....## #(.....
#.).#####.##.####
.##......#........#
.......<..F....#
...........@c..#
.........h##.###
........(.# .#
.##......## ..
.......!# .##
$.##..##.. .. .#
##. .h. .. .. ....
.. .. .....


You could see a black bear (confused), a bullfrog (confused) and a centaur
(confused).

Vanquished Creatures
  Purgy (Sewer)
  2 bullfrogs
  A scorpion (D:4)
  3 hounds
  Crazy Yiuf (D:3)
  5 worker ants
  5 gnolls
  11 adders
  2 oozes
  An adder zombie (D:5)
  3 worms
  4 dart slugs
  6 leopard geckos
  8 orcs
  A ball python (D:1)
  10 bats
  6 giant cockroaches
  7 goblins
  8 hobgoblins
  8 jackals
  A quokka (D:5)
  8 frilled lizards
  12 kobolds
  12 rats
  A fungus (D:3)
127 creatures vanquished.

Vanquished Creatures (collateral kills)
  A gnoll shaman (D:4)
  2 adders (D:4)
3 creatures vanquished.

Grand Total: 130 creatures vanquished

Notes
Turn   | Place    | Note
-------+----------+-------------------------------------------
     0 | D:1      | pokeman the Deep Elf Wizard began the quest for the Orb.
     0 | D:1      | Reached XP level 1. HP: 10/10 MP: 7/7
   507 | D:1      | Reached XP level 2. HP: 15/15 MP: 2/9
   743 | D:1      | Reached skill level 5 in Spellcasting
  1247 | D:1      | Reached XP level 3. HP: 19/19 MP: 7/11
  1252 | D:1      | Learned a level 3 spell: Mephitic Cloud
  1255 | D:1      | Learned a level 2 spell: Call Imp
  1258 | D:1      | Learned a level 2 spell: Blink
  1262 | D:1      | Learned a level 3 spell: Conjure Flame
  2187 | D:2      | Reached XP level 4. HP: 24/24 MP: 7/13
  2574 | D:2      | Reached skill level 1 in Fighting
  2735 | D:2      | Reached skill level 1 in Armour
  2894 | D:2      | Found an iron altar of Okawaru.
  2912 | D:2      | Reached skill level 6 in Spellcasting
  3065 | D:2      | Found an ornate altar of the Wu Jian Council.
  3346 | D:3      | Reached XP level 5. HP: 29/29 MP: 12/15
  3976 | D:3      | Found a runed translucent door.
  3977 | D:3      | Noticed Crazy Yiuf
  4141 | D:3      | Killed Crazy Yiuf
  4141 | D:3      | Reached skill level 1 in Fire Magic
  4254 | D:4      | Found a glowing drain.
  4302 | Sewer    | Entered a sewer
  4483 | Sewer    | Noticed Purgy
  4498 | Sewer    | Killed Purgy
  4498 | Sewer    | Reached skill level 7 in Spellcasting
  4498 | Sewer    | Reached XP level 6. HP: 31/34 MP: 7/18
  4714 | D:4      | Found a staircase to the Ecumenical Temple.
  4726 | Temple   | Entered the Ecumenical Temple
  4733 | Temple   | Became a worshipper of Vehumet
  4915 | D:4      | Found a snail-covered altar of Cheibriados.
  5599 | D:4      | Reached XP level 7. HP: 38/38 MP: 16/20
  6053 | D:5      | Entered Level 5 of the Dungeon
  6260 | D:5      | Reached skill level 8 in Spellcasting
  6260 | D:5      | Reached skill level 1 in Poison Magic
  6260 | D:5      | Reached skill level 1 in Evocations
  6654 | D:5      | Reached skill level 1 in Air Magic
  7005 | D:6      | Slain by a bullfrog

Illustrated notes

Levels and vault maps discovered:
D:1:      nicolae_arrival_memento_mori, layout_loops_cross
D:2:      minmay_diamond_boxcup, layout_basic, marbit_many_paths,
          okawaru_gym_becter
D:3:      layout_basic, uniq_crazy_yiuf_cottage
D:4:      minmay_door_path, layout_basic, old_standard_altar,
          minmay_temple_entry_slanted, gup_sewer_entry_glass,
          minmay_pentomino_pile
D:5:      layout_gridville, first_ration
D:6:      layout_cave_pools, old_standard_altar, serial_shops,
          kennysheep_mini_moat, uniq_grinder, uniq_menkaure
Temple:   nicolae_temple_x_marks_the_god

Skill      XL: |  1  2  3  4  5  6  7 |
---------------+----------------------+-----
Spellcasting   | 5 6 7 8 |  8.5
Conjurations   | 2 3 4 |  4.1
Fighting       | 1 |  1.0
Armour         | 1 |  1.0
Dodging        | 3 |  3.0
Fire Magic     | 1 2 |  2.7
Stealth        | 3 4 |  4.1
Poison Magic   | 1 |  1.0
Evocations     | 1 |  1.0
Air Magic      | 1 |  1.0
Shields        | |  0.9
Summonings     | |  1.1
Translocations | |  1.1

Action                   |  1- 3 |  4- 6 |  7- 9 || total
-------------------------+-------+-------+-------++-------
Melee: Unarmed           |       |     1 |       ||     1
       Whip              |       |    50 |     3 ||    53
 Cast: Magic Dart        |   119 |   168 |    73 ||   360
       Mephitic Cloud    |       |     7 |     2 ||     9
       Call Imp          |       |     4 |       ||     4
       Conjure Flame     |       |     1 |       ||     1
 Stab: Confused          |       |     5 |       ||     5
  Eat: Chunk             |     4 |    10 |     4 ||    18
Armor: Robe              |    10 |       |       ||    10
       Leather armour    |     1 |    19 |     8 ||    28
Dodge: Dodged            |    32 |    50 |    14 ||    96
Block: Other             |       |    13 |    13 ||    26
       Reflection        |       |     1 |     1 ||     2
